 Dungeon Crawl Stone Soup version 0.16.1-16-gc44b35d (webtiles) character file.

226 Enno the Ducker (level 5, 0/45 HPs)
             Began as a Draconian Warper on Apr 26, 2015.
             Killed by nerve-wracking pain
             ... invoked by Menkaure
              (14 damage)
             ... on level 4 of the Dungeon.
             The game lasted 00:33:05 (3316 turns).

Enno the Ducker (Draconian Warper)                  Turns: 3316, Time: 00:33:06

Health: 0/45       AC:  6    Str: 15    XL:     5   Next: 69%
Magic:  9/9        EV: 13    Int: 13    God:    Xom [...*..]
Gold:   122        SH:  0    Dex: 10    Spells: 1 memorised, 7 levels left

rFire  . . .     SeeInvis .     b - +0 hunting sling
rCold  . . .     Clarity  .     (armour unavailable)
rNeg   . . .     SustAb   .     (no shield)
rPois  .         Gourm    .     (helmet restricted)
rElec  .         Spirit   .     (no cloak)
rCorr  .         Warding  .     s - +0 pair of gloves
rMut   .         Stasis   .     (no boots)
MR     .....                    (no amulet)
Stlth  ++........               (no ring)
                                g - ring of stealth

@: very slightly contaminated, not resistant to hostile enchantments, unstealthy
A: unfitting armour, cold-blooded, AC +5
a: Renounce Religion


You were on level 4 of the Dungeon.
You worshipped Xom.
You were a favourite toy of Xom.
You were not hungry.

You visited 1 branch of the dungeon, and saw 4 of its levels.

You collected 122 gold pieces.

Inventory:

Hand weapons
 a - a +0 spear
 b - a +0 hunting sling (weapon)
 h - a cursed -2 dagger
 o - a +0 dagger
 q - a +0 dagger
 r - a +0 dagger
Missiles
 l - 19 stones (quivered)
 m - 2 throwing nets
Armour
 s - a +0 pair of gloves (worn)
Jewellery
 g - a ring of stealth (left hand)
Magical devices
 f - a wand of frost (32)
Scrolls
 e - a scroll of fog {unknown}
 n - 3 scrolls of identify {unknown}
Potions
 i - 2 potions of curing
 j - a potion of haste
 k - a potion of agility
Books
 c - a book of Spatial Translocations

   Spells                             Type                      Level
   a - Apportation                    Translocation                1
   b - Blink                          Translocation                2
   c - Shroud of Golubria             Charms/Translocation         2
   d - Portal Projectile              Translocation                3
   e - Teleport Other                 Translocation                3
   f - Passage of Golubria            Translocation                4


   Skills:
 + Level 3.4 Fighting
 + Level 2.3 Polearms
 + Level 0.5(0.9) Slings
 + Level 1.0(1.1) Throwing
 + Level 4.6 Dodging
 + Level 2.2 Spellcasting
 + Level 3.2 Translocations


You had 7 spell levels left.
You knew the following spells:

 Your Spells              Type           Power        Failure   Level  Hunger
a - Apportation           Tloc           #.........   10%         1    ##.....


Dungeon Overview and Level Annotations

Branches:
Dungeon (4/15)
 Temple: D:4-7

Altars:
Elyvilon
Xom

Annotations:
D:4 Menkaure


Innate Abilities, Weirdness & Mutations

Your plain brown scales are hard (AC +5).
Your body does not fit into most forms of armour.
Your cold-blooded metabolism reacts poorly to cold.


Message History

Found 12 gold pieces.
b - a +0 hunting sling (weapon)
Menkaure murmurs, "From dust you came, to dust you will return."
Firing (i - inventory. (,) - cycle):
l - 21 stones (quivered)
Press: ? - help, Shift-Dir - straight line, f - Menkaure
Aim: Menkaure (fast)
You shoot a stone. The stone hits Menkaure.
Menkaure is lightly damaged.
Menkaure gestures at you while chanting.
You barely resist.
Firing (i - inventory. (,) - cycle):
l - 20 stones (quivered)
Press: ? - help, Shift-Dir - straight line, f/p - Menkaure
Aim: Menkaure (lightly damaged, fast)
You shoot a stone. The stone barely misses Menkaure.
Xom smirks.
You feel aware of your surroundings. Menkaure casts a spell at you.
Pain shoots through your body!
You die...
Xom titters!

*,* ###......# #.# *** *,*
#....#.#.###.# ,,,, *,*
#g#...#......## ***,* *,*
#(#..#.#.#....### ,,,,**** *,
##.##....#........ < ,,, ,***
#,*#5.##.#.#.#.#5g##. ,***,,
,####.*#M###.........M...
,,,,**.......#.##..#.......#...
* ,,,, ***#...@......%.........
*, ** #..#####.#.#.....#.#.
,,,,,,,* #..** *......l...#..
*****,, **#.,,* * ,#.#.#...#.#.
,, ,,,, ,..*, ,,,......... # *
**,,,,*.#**,* *,,*,#.#.#.# # *
* *, ,,,, , ,, , ,,,.[..,,, ,,*
*,, ,,,,,,**,,*** **** *,* *,,
,,,,,,* ,** *,**


You could see Menkaure, a hobgoblin and a friendly shadow imp.

Vanquished Creatures
  A black bear (D:3)
  An orc wizard (D:3)
  An adder (D:2)
  2 river rats (D:3)
  5 orcs (D:3)
  15 bats
  5 giant cockroaches
  8 goblins
  9 hobgoblins
  3 ball pythons
  6 giant geckos
  4 giant newts
  8 kobolds
  10 rats
78 creatures vanquished.

Vanquished Creatures (collateral kills)
  An adder skeleton (D:4)
1 creature vanquished.

Grand Total: 79 creatures vanquished

Notes
Turn   | Place    | Note
--------------------------------------------------------------
     0 | D:1      | Enno, the Draconian Warper, began the quest for the Orb.
     0 | D:1      | Reached XP level 1. HP: 17/17 MP: 3/3
   422 | D:1      | Reached XP level 2. HP: 24/24 MP: 4/4
  1118 | D:2      | Reached XP level 3. HP: 30/30 MP: 6/6
  1983 | D:2      | Reached XP level 4. HP: 33/37 MP: 7/7
  2020 | D:3      | Found a white marble altar of Elyvilon.
  2308 | D:3      | Noticed a black bear
  2331 | D:3      | Killed a black bear
  2331 | D:3      | Reached skill level 1 in Throwing
  2331 | D:3      | Reached skill level 4 in Dodging
  2331 | D:3      | Reached XP level 5. HP: 15/45 MP: 9/9
  3216 | D:3      | Found a shimmering altar of Xom.
  3239 | D:3      | Became a worshipper of Xom of Chaos
  3276 | D:3      | XOM: silly message
  3293 | D:4      | Noticed Menkaure
  3299 | D:4      | XOM: summons friendly shadow imp
  3316 | D:4      | XOM: divination: magic mapping
  3316 | D:4      | Killed from afar by Menkaure

Action                   |  1- 3 |  4- 6 || total
-------------------------+-------+-------++-------
Melee: Spear             |   237 |   106 ||   343
 Fire: Hunting sling     |       |    24 ||    24
Throw: Tomahawk          |     3 |     2 ||     5
       Stone             |       |     1 ||     1
  Use: Potion            |     2 |     1 ||     3
       Scroll            |       |     1 ||     1
 Stab: Sleeping          |     1 |     1 ||     2
  Eat: Bread ration      |     1 |     1 ||     2
